TOP OF THE 1ST |
Augusta GreenJackets batting - Pitching for Greensboro Grasshoppers : RHP Earl Shepherd
|
Pitching: RHP Earl Shepherd
|
|
Batting: RHB Mike Buchanan
|
0-0: Ball 1-0: Ground out 6-3 (Groundball, 6, EV 108.8 MPH)
|
Batting: RHB Devin Lowery
|
0-0: Ground out 6-3 (Groundball, 6M, EV 106.2 MPH)
|
Batting: LHB Kevin Kantor
|
0-0: Ball 1-0: Called Strike 1-1: Ball 2-1: DOUBLE (Line Drive, 78D, EV 103.8 MPH)
|
Batting: LHB Gabe Velez
|
0-0: Called Strike 0-1: Ball 1-1: Ball 2-1: Ball 3-1: Foul Ball, location: 2F 3-2: Fly out, F8 (Flyball, 78D, EV 84.4 MPH)
|
Top of the 1st over - 0 runs, 1 hit, 0 errors, 1 left on base; Augusta 0 - Greensboro 0 |
BOTTOM OF THE 1ST |
Greensboro Grasshoppers batting - Pitching for Augusta GreenJackets : RHP Tim Welshman
|
Pitching: RHP Tim Welshman
|
|
Batting: RHB Tom Thompson
|
0-0: Ball 1-0: Foul Ball, location: 2F 1-1: Ball 2-1: Ball 3-1: Base on Balls
|
Batting: RHB Torquato Obawole
|
0-0: Ball 1-0: Foul Ball, location: 2F 1-1: Called Strike 1-2: SINGLE (Line Drive, 4MD, EV 101.9 MPH) Tom Thompson to second
|
Batting: RHB Isaiah Brockman
|
0-0: Reached on error, E6 (Groundball, 4M, EV 88.8 MPH) Tom Thompson to third Torquato Obawole to second
|
Batting: RHB Jake Shelton
|
0-0: Ball 1-0: DOUBLE (Flyball, 78D, EV 89.4 MPH) Tom Thompson scores Torquato Obawole scores Isaiah Brockman to third
|
Batting: RHB Boof Howell
|
0-0: Ball 1-0: Called Strike 1-1: Ball 2-1: Ground out 4-3 (Groundball, 4, EV 90.6 MPH) Isaiah Brockman scores Jake Shelton to third
|
Batting: RHB Jordan Arcidez
|
0-0: Ball 1-0: Ball 2-0: Ball 3-0: Called Strike 3-1: SINGLE (Line Drive, 56D, EV 100.0 MPH) Jake Shelton scores
|
Batting: RHB Masumitsu Sugiura
|
0-0: Ball 1-0: Ball 2-0: Fly out, F7 (Line Drive, 7, EV 90.6 MPH)
|
Batting: RHB Chris Riddick
|
0-0: Called Strike 0-1: Swinging Strike 0-2: Ball 1-2: Foul Ball, location: 2F 1-2: Strikes out swinging
|
Bottom of the 1st over - 4 runs, 3 hits, 1 error, 1 left on base; Augusta 0 - Greensboro 4 |
TOP OF THE 2ND |
Augusta GreenJackets batting - Pitching for Greensboro Grasshoppers : RHP Earl Shepherd
|
Batting: RHB Justin Baldwin
|
0-0: SINGLE (Groundball, 56D, EV 100.0 MPH)
|
Batting: LHB James Wheaton
|
0-0: Swinging Strike 0-1: Ball 1-1: Foul Ball, location: 2F 1-2: Foul Ball, location: 2F 1-2: Foul Ball, location: 2F 1-2: Strikes out looking
|
Batting: LHB Pong-keun Koh
|
0-0: Called Strike 0-1: Ball 1-1: Foul Ball, location: 2F 1-2: Foul Ball, location: 2F 1-2: Strikes out looking
|
Batting: LHB John Whitman
|
0-0: Ball Wild Pitch! Justin Baldwin to second 1-0: SINGLE (Groundball, 34S, EV 71.2 MPH) (infield hit) Justin Baldwin to third
|
Batting: RHB Juan Flores
|
0-0: Ground out U3 (Groundball, 13, EV 85.0 MPH)
|
Top of the 2nd over - 0 runs, 2 hits, 0 errors, 2 left on base; Augusta 0 - Greensboro 4 |
BOTTOM OF THE 2ND |
Greensboro Grasshoppers batting - Pitching for Augusta GreenJackets : RHP Tim Welshman
|
Batting: LHB Juan Zuniga
|
0-0: Ball 1-0: Swinging Strike 1-1: Ball 2-1: Called Strike 2-2: Strikes out swinging
|
Batting: RHB Tom Thompson
|
0-0: Ball 1-0: Ball 2-0: Ball 3-0: Base on Balls
|
Batting: RHB Torquato Obawole
|
0-0: Ball 1-0: Foul Ball, location: 2F 1-1: Called Strike Tom Thompson steals 2nd base 1-2: Ball 2-2: Foul Ball, location: 2F 2-2: Foul Ball, location: 2F 2-2: Foul Ball, location: 2F 2-2: Fly out, F7 (Flyball, 7S, EV 91.2 MPH)
|
Batting: RHB Isaiah Brockman
|
0-0: Called Strike 0-1: Swinging Strike 0-2: SINGLE (Groundball, 56S, EV 66.9 MPH) (infield hit) Tom Thompson to third
|
Batting: RHB Jake Shelton
|
0-0: Called Strike 0-1: SINGLE (Groundball, 5S, EV 70.6 MPH) (infield hit) Tom Thompson scores Isaiah Brockman to second
|
Batting: RHB Boof Howell
|
0-0: SINGLE (Groundball, 4MD, EV 98.1 MPH) Isaiah Brockman to third Jake Shelton to second Runner from 3rd tries for Home, SAFE, throw by CF to home
|
Batting: RHB Jordan Arcidez
|
0-0: Ball 1-0: Ball 2-0: Fly out, F9 (Line Drive, 9, EV 87.5 MPH)
|
Bottom of the 2nd over - 2 runs, 3 hits, 0 errors, 2 left on base; Augusta 0 - Greensboro 6 |
TOP OF THE 3RD |
Augusta GreenJackets batting - Pitching for Greensboro Grasshoppers : RHP Earl Shepherd
|
Batting: RHB Mike Buchanan
|
0-0: Called Strike 0-1: DOUBLE (Line Drive, 78D, EV 105.0 MPH)
|
Batting: RHB Devin Lowery
|
0-0: Foul Ball, location: 2F 0-1: Foul Ball, location: 2F 0-2: Ball 1-2: Fly out, F7 (Flyball, 78M, EV 88.1 MPH)
|
Batting: LHB Kevin Kantor
|
0-0: Ball 1-0: Called Strike 1-1: Foul Ball, location: 2F 1-2: Strikes out swinging
|
Batting: LHB Gabe Velez
|
0-0: Ground out U3 (Groundball, 3L, EV 84.4 MPH)
|
Top of the 3rd over - 0 runs, 1 hit, 0 errors, 1 left on base; Augusta 0 - Greensboro 6 |
BOTTOM OF THE 3RD |
Greensboro Grasshoppers batting - Pitching for Augusta GreenJackets : RHP Tim Welshman
|
Batting: RHB Masumitsu Sugiura
|
0-0: Foul Ball, location: 2F 0-1: Ball 1-1: Called Strike 1-2: Strikes out looking
|
Batting: RHB Chris Riddick
|
0-0: Ball 1-0: Ball 2-0: Ground out 3-1 (Groundball, 34, EV 80.6 MPH)
|
Batting: LHB Juan Zuniga
|
0-0: Foul Ball, location: 2F 0-1: Foul Ball, location: 2F 0-2: Ball 1-2: Ball 2-2: Strikes out swinging
|
Bottom of the 3rd over - 0 runs, 0 hits, 0 errors, 0 left on base; Augusta 0 - Greensboro 6 |
TOP OF THE 4TH |
Augusta GreenJackets batting - Pitching for Greensboro Grasshoppers : RHP Earl Shepherd
|
Batting: RHB Justin Baldwin
|
0-0: Ball 1-0: Ground out 4-3 (Groundball, 4, EV 100.6 MPH)
|
Batting: LHB James Wheaton
|
0-0: Ball 1-0: Ball 2-0: Foul Ball, location: 2F 2-1: Foul Ball, location: 2F 2-2: Foul Ball, location: 2F 2-2: Ball 3-2: Fly out, F5 (Line Drive, 5, EV 70.0 MPH)
|
Batting: LHB Pong-keun Koh
|
0-0: Ball 1-0: Fly out, F4 (Popup, 34S, EV 63.8 MPH)
|
Top of the 4th over - 0 runs, 0 hits, 0 errors, 0 left on base; Augusta 0 - Greensboro 6 |
BOTTOM OF THE 4TH |
Greensboro Grasshoppers batting - Pitching for Augusta GreenJackets : RHP Tim Welshman
|
Batting: RHB Tom Thompson
|
0-0: Ball 1-0: Foul Ball, location: 2F 1-1: Ball 2-1: Swinging Strike 2-2: Strikes out swinging
|
Batting: RHB Torquato Obawole
|
0-0: Ball 1-0: Foul Ball, location: 2F 1-1: Ground out 5-3 (Groundball, 56, EV 88.1 MPH)
|
Batting: RHB Isaiah Brockman
|
0-0: Ball 1-0: Ball 2-0: Swinging Strike 2-1: Foul Ball, location: 2F 2-2: Strikes out swinging
|
Bottom of the 4th over - 0 runs, 0 hits, 0 errors, 0 left on base; Augusta 0 - Greensboro 6 |
TOP OF THE 5TH |
Augusta GreenJackets batting - Pitching for Greensboro Grasshoppers : RHP Earl Shepherd
|
Batting: LHB John Whitman
|
0-0: Called Strike 0-1: Ball 1-1: Called Strike 1-2: Strikes out looking
|
Batting: RHB Juan Flores
|
0-0: Called Strike 0-1: Swinging Strike 0-2: SINGLE (Groundball, 56D, EV 95.0 MPH)
|
Batting: RHB Mike Buchanan
|
0-0: Foul Ball, location: 2F 0-1: Ball 1-1: Ball 2-1: Foul Ball, location: 2F 2-2: Ball 3-2: Foul Ball, location: 2F 3-2: SINGLE (Line Drive, 5D, EV 99.4 MPH) Juan Flores to second
|
Batting: RHB Devin Lowery
|
0-0: Fly out, F4 (Popup, 4MD, EV 57.5 MPH)
|
Batting: LHB Kevin Kantor
|
0-0: Called Strike 0-1: Called Strike 0-2: Ball 1-2: SINGLE (Line Drive, 9S, EV 105.6 MPH) Juan Flores to third Mike Buchanan to second Runner from 3rd tries for Home, throw by RF and OUT! 9-2
|
Top of the 5th over - 0 runs, 3 hits, 0 errors, 2 left on base; Augusta 0 - Greensboro 6 |
BOTTOM OF THE 5TH |
Greensboro Grasshoppers batting - Pitching for Augusta GreenJackets : RHP Tim Welshman
|
Pitching: RHP Mike Richards
|
|
Batting: RHB Jake Shelton
|
0-0: Ground out 5-3 (Groundball, 56, EV 81.9 MPH)
|
Batting: RHB Boof Howell
|
0-0: Called Strike 0-1: Called Strike 0-2: Ball 1-2: Ground out 4-3 (Groundball, 4, EV 90.0 MPH)
|
Batting: RHB Jordan Arcidez
|
0-0: Ball 1-0: Swinging Strike 1-1: Ball 2-1: Called Strike 2-2: Foul Ball, location: 2F 2-2: Strikes out swinging
|
Bottom of the 5th over - 0 runs, 0 hits, 0 errors, 0 left on base; Augusta 0 - Greensboro 6 |
TOP OF THE 6TH |
Augusta GreenJackets batting - Pitching for Greensboro Grasshoppers : RHP Earl Shepherd
|
Batting: LHB Gabe Velez
|
0-0: Ball 1-0: Foul Ball, location: 2F 1-1: Ball 2-1: Called Strike 2-2: Ground out 6-3 (Groundball, 6M, EV 77.5 MPH)
|
Batting: RHB Justin Baldwin
|
0-0: Fly out, F4 (Line Drive, 4, EV 71.9 MPH)
|
Batting: LHB James Wheaton
|
0-0: Swinging Strike 0-1: Ground out 4-3 (Groundball, 4S, EV 80.6 MPH)
|
Top of the 6th over - 0 runs, 0 hits, 0 errors, 0 left on base; Augusta 0 - Greensboro 6 |
BOTTOM OF THE 6TH |
Greensboro Grasshoppers batting - Pitching for Augusta GreenJackets : RHP Mike Richards
|
Batting: RHB Masumitsu Sugiura
|
0-0: SINGLE (Groundball, 6MD, EV 101.9 MPH)
|
Batting: RHB Chris Riddick
|
0-0: Foul Ball, location: 2F 0-1: Called Strike 0-2: Ball 1-2: Fielders Choice at 2nd, 1-4 (Groundball, 15S, EV 71.9 MPH)
|
Batting: LHB Juan Zuniga
|
0-0: Ball 1-0: Ball 2-0: Foul Ball, location: 2F 2-1: Fly out, F8 (Flyball, 78M, EV 90.0 MPH)
|
Batting: RHB Tom Thompson
|
0-0: Ball 1-0: Called Strike 1-1: Ball 2-1: Ball Passed Ball! Chris Riddick to second 3-1: Fly out, F7 (Flyball, 7S, EV 87.5 MPH)
|
Bottom of the 6th over - 0 runs, 1 hit, 0 errors, 1 left on base; Augusta 0 - Greensboro 6 |
TOP OF THE 7TH |
Augusta GreenJackets batting - Pitching for Greensboro Grasshoppers : RHP Earl Shepherd
|
Batting: LHB Pong-keun Koh
|
0-0: Called Strike 0-1: Ball 1-1: Ball 2-1: Ground out 4-3 (Groundball, 4, EV 103.1 MPH)
|
Batting: LHB John Whitman
|
0-0: Ball 1-0: Foul Ball, location: 2F 1-1: Swinging Strike 1-2: Ball 2-2: Strikes out swinging
|
Batting: RHB Juan Flores
|
0-0: Called Strike 0-1: Ball 1-1: Ball 2-1: Ball 3-1: Base on Balls
|
Pitching: RHP Wei-guo Tsu
|
|
Batting: RHB Mike Buchanan
|
0-0: Ball 1-0: Called Strike 1-1: Called Strike 1-2: Foul Ball, location: 2F 1-2: Ball 2-2: SINGLE (Groundball, 56S, EV 71.9 MPH) (infield hit) Juan Flores to second
|
Batting: RHB Devin Lowery
|
0-0: Called Strike 0-1: Ball 1-1: Ball 2-1: Foul Ball, location: 2F 2-2: Strikes out swinging
|
Top of the 7th over - 0 runs, 1 hit, 0 errors, 2 left on base; Augusta 0 - Greensboro 6 |
BOTTOM OF THE 7TH |
Greensboro Grasshoppers batting - Pitching for Augusta GreenJackets : RHP Mike Richards
|
Batting: RHB Torquato Obawole
|
0-0: Ball 1-0: Foul Ball, location: 2F 1-1: Ground out U3 (Groundball, 3L, EV 108.1 MPH)
|
Batting: RHB Isaiah Brockman
|
0-0: Called Strike 0-1: Ground out 5-3 (Groundball, 56S, EV 75.6 MPH)
|
Batting: RHB Jake Shelton
|
0-0: Called Strike 0-1: Called Strike 0-2: Ball 1-2: Ball 2-2: Ball 3-2: Foul Ball, location: 2F 3-2: Base on Balls
|
Batting: RHB Boof Howell
|
0-0: Foul Ball, location: 2F 0-1: Ball 1-1: Called Strike Jake Shelton steals 2nd base 1-2: Foul Ball, location: 2F 1-2: Foul Ball, location: 2F 1-2: Foul Ball, location: 2F 1-2: Strikes out swinging, 2-3 out at first.
|
Bottom of the 7th over - 0 runs, 0 hits, 0 errors, 1 left on base; Augusta 0 - Greensboro 6 |
TOP OF THE 8TH |
Augusta GreenJackets batting - Pitching for Greensboro Grasshoppers : RHP Wei-guo Tsu
|
Batting: LHB Kevin Kantor
|
0-0: Ball 1-0: Fly out, F8 (Line Drive, 8RD, EV 98.1 MPH)
|
Batting: LHB Gabe Velez
|
0-0: Called Strike 0-1: Ball 1-1: Swinging Strike 1-2: Ball 2-2: Strikes out looking
|
Batting: RHB Justin Baldwin
|
0-0: Ball 1-0: Ground out 5-3 (Groundball, 56, EV 81.9 MPH)
|
Top of the 8th over - 0 runs, 0 hits, 0 errors, 0 left on base; Augusta 0 - Greensboro 6 |
BOTTOM OF THE 8TH |
Greensboro Grasshoppers batting - Pitching for Augusta GreenJackets : RHP Mike Richards
|
Pitching: RHP Lorenzo Merjil
|
|
Batting: RHB Jordan Arcidez
|
0-0: Ball 1-0: Ball 2-0: Foul Ball, location: 2F 2-1: Called Strike 2-2: Strikes out swinging
|
Batting: RHB Masumitsu Sugiura
|
0-0: Ball 1-0: Ball 2-0: Called Strike 2-1: Foul Ball, location: 2F 2-2: Ball 3-2: SINGLE (Line Drive, 8RS, EV 86.9 MPH)
|
Batting: RHB Chris Riddick
|
0-0: Ball Masumitsu Sugiura steals 2nd, throwing error, E2 Masumitsu Sugiura to third 1-0: Ball 2-0: Ground out 6-3 (Groundball, 56D, EV 101.9 MPH) Masumitsu Sugiura scores
|
Batting: LHB Juan Zuniga
|
0-0: Called Strike 0-1: Fly out, F5 (Popup, 56, EV 73.8 MPH)
|
Bottom of the 8th over - 1 run, 1 hit, 1 error, 0 left on base; Augusta 0 - Greensboro 7 |
TOP OF THE 9TH |
Augusta GreenJackets batting - Pitching for Greensboro Grasshoppers : RHP Wei-guo Tsu
|
Pinch Hitting: RHB Omar Jordan
|
0-0: Called Strike 0-1: Swinging Strike 0-2: Strikes out looking
|
Batting: LHB Pong-keun Koh
|
0-0: Foul Ball, location: 2F 0-1: Reached on error, E5 (Groundball, 5, EV 82.5 MPH)
|
Batting: LHB John Whitman
|
0-0: Ball 1-0: Called Strike 1-1: Ball 2-1: Foul Ball, location: 2F 2-2: Ball 3-2: Base on Balls Pong-keun Koh to second
|
Batting: RHB Juan Flores
|
0-0: Ball 1-0: Ball 2-0: SINGLE (Line Drive, 89M, EV 105.6 MPH) Pong-keun Koh to third John Whitman to second
|
Batting: RHB Mike Buchanan
|
0-0: Ball 1-0: SINGLE (Line Drive, 7S, EV 91.9 MPH) Pong-keun Koh scores John Whitman to third Juan Flores to second
|
Pitching: LHP Matt Payne
|
|
Batting: RHB Devin Lowery
|
0-0: Called Strike 0-1: Ball 1-1: Foul Ball, location: 2F 1-2: Ball 2-2: Foul Ball, location: 2F 2-2: Strikes out swinging
|
Pinch Hitting: RHB Drew Duncan
|
0-0: Foul Ball, location: 2F 0-1: Ball 1-1: Called Strike 1-2: Ball 2-2: Strikes out swinging
|
Top of the 9th over - 1 run, 2 hits, 1 error, 3 left on base; Augusta 1 - Greensboro 7 |
|